 Dungeon Crawl Stone Soup version 0.20-a0-214-gb74cb0e (webtiles) character file.

161 KristoblXynda the Slasher (level 5, 0/41 HPs)
             Began as a Draconian Gladiator on Nov 27, 2016.
             Succumbed to a scorpion's poison
             ... on level 4 of the Dungeon.
             The game lasted 00:05:10 (2966 turns).

KristoblXynda the Slasher (Draconian Gladiator)     Turns: 2966, Time: 00:05:11

Health: 0/41       AC:  6    Str: 18    XL:     5   Next: 19%
Magic:  5/5        EV: 13    Int: 14    God:
Gold:   111        SH:  0    Dex: 11    Spells: 4/4 levels left

rFire  . . .     SeeInvis .     a - +0 long sword
rCold  . . .     Gourm    .     (armour unavailable)
rNeg   . . .     Faith    .     (no shield)
rPois  .         Spirit   .     b - +0 hat
rElec  .         Reflect  .     (no cloak)
rCorr  .         Harm     .     (no gloves)
MR     .....                    n - +0 pair of boots (curse)
Stlth  +.........               (no amulet)
                                (no ring)
                                (no ring)

@: brilliant, lethally poisoned (0 -> -9)
A: unfitting armour, cold-blooded, AC +5
a: no special abilities


You were on level 4 of the Dungeon.
You were not hungry.

You visited 1 branch of the dungeon, and saw 4 of its levels.

You collected 111 gold pieces.

Inventory:

Hand Weapons
 a - a +0 long sword (weapon)
Missiles
 c - 3 throwing nets (quivered)
Armour
 b - a +0 hat (worn)
 n - a cursed +0 pair of boots (worn)
Scrolls
 e - 2 scrolls of identify
 g - a scroll of amnesia
 h - 2 scrolls of fog {unknown}
 i - 2 scrolls of magic mapping {unknown}
 j - a scroll of enchant weapon
 k - 2 scrolls of immolation {unknown}
 m - a scroll of remove curse {unknown}
 o - 2 scrolls of fear {unknown}
 p - a scroll of noise {unknown}
Potions
 l - a potion of brilliance
Comestibles
 d - 2 bread rations
 f - a fruit
 r - a meat ration


   Skills:
 - Level 2.1 Fighting
 + Level 4.0 Long Blades
 + Level 3.1 Throwing
 + Level 3.9 Dodging


You had 4 spell levels left.
You didn't know any spells.

Dungeon Overview and Level Annotations

Branches:
Dungeon (4/15)
 Temple: D:4-7

Altars:
Nemelex Xobeh

Shops:
D:4 [

Annotations:
D:4 KristoblXynda's ghost, amateur DrFi


Innate Abilities, Weirdness & Mutations

Your plain brown scales are hard. (AC +5)
You cannot fit into any form of body armour.
You are cold-blooded and may be slowed by cold attacks.


Message History

You feel sick. The scorpion completely misses you.
You riposte.
KristoblXynda's ghost turns its malevolent gaze towards you.
You hit the scorpion but do no damage.
You tail-slap the scorpion, but do no damage.
The scorpion is moderately wounded.
Unknown command.
Unknown command.
* * * LOW HITPOINT WARNING * * *
You feel sick.
* * * LOW HITPOINT WARNING * * *
You feel sick.
You see here 3 scrolls labeled VASOCR WOITASH.
An adder skeleton comes into view.
* * * LOW HITPOINT WARNING * * *
You feel sick.
The shop is a mimic!
The shop mimic titters and vanishes in a puff of smoke!
Found Gasunuipn's Antique Armour Boutique.
* * * LOW HITPOINT WARNING * * *
You feel sick.
You die...

.....#?# .. #.
####...... # ..#.
#......W.# #. .#.
#.##..?..# ...
.∩###......%.#
..#..##..#.....#
....#..#..#..#..
#.###.##{.#........
#...@.s?o..%..>.#..
#.##..###.#†###.#
...#.# #..)....#
..Z#.#.# ###)#####
#.# #.#.# ..# #
....# #.## #.### ..
.. .#o .#o


You could see a scorpion and an orc.

Vanquished Creatures
  Ijyb (D:3)
  Robin (D:3)
  A gnoll (D:1)
  2 adders (D:2)
  2 worms
  2 dart slugs (D:1)
  3 leopard geckos
  4 orcs
  A ball python (D:3)
  3 giant cockroaches
  21 goblins
  10 hobgoblins
  3 jackals (D:1)
  6 kobolds
  4 bats
  7 frilled lizards
  7 rats
78 creatures vanquished.

Notes
Turn   | Place    | Note
-------+----------+-------------------------------------------
     0 | D:1      | KristoblXynda the Draconian Gladiator began the quest for the Orb.
     0 | D:1      | Reached XP level 1. HP: 17/17 MP: 1/1
   306 | D:1      | Reached XP level 2. HP: 19/24 MP: 2/2
   788 | D:1      | Reached XP level 3. HP: 5/29 MP: 3/3
  1923 | D:2      | Reached XP level 4. HP: 26/36 MP: 4/4
  2023 | D:2      | You fall through a shaft!
  2423 | D:3      | Noticed Robin
  2465 | D:3      | Killed Robin
  2531 | D:3      | Noticed Ijyb
  2552 | D:3      | Killed Ijyb
  2552 | D:3      | Reached skill level 4 in Long Blades
  2552 | D:3      | Reached XP level 5. HP: 19/41 MP: 5/5
  2906 | D:3      | Found a sparkling altar of Nemelex Xobeh.
  2933 | D:4      | Found Xap Moim's Antique Weapon Shop.
  2961 | D:4      | Noticed KristoblXynda's ghost (amateur DrFi)
  2963 | D:4      | HP: 2/41 [poisoned by a scorpion]
  2964 | D:4      | Found Gasunuipn's Antique Armour Boutique.
  2966 | D:4      | Succumbed to a scorpion's poison

Vault maps used:
D:1:      dpeg_arrival_tiny_h
D:2:      uniq_crazy_yiuf_cottage
D:3:      nemelex_xobeh_ov_fountains_minmay, uniq_robin, uniq_iyjb
D:4:      bloody_makhleb, kennysheep_mini, serial_shops,
          nicolae_shop_waterfront, nicolae_shop_trees, shop,
          nicolae_shop_window_shopping, shop, first_bread, uniq_blork_the_orc

Skill      XL: |  1  2  3  4 |
---------------+-------------+-----
Throwing       | 2 3 |  3.1
Dodging        | 3 |  3.9
Long Blades    | 4 |  4.0
Fighting       | |  2.1

Action                   |  1- 3 |  4- 6 || total
-------------------------+-------+-------++-------
Melee: Long sword        |   109 |   108 ||   217
       Tailslap          |    14 |    21 ||    35
  Use: Potion            |       |     4 ||     4
       Scroll            |       |     2 ||     2
 Stab: Sleeping          |     3 |     1 ||     4
  Eat: Chunk             |     1 |     4 ||     5
       Beef jerky        |     1 |       ||     1
Armor: Skin              |    31 |    32 ||    63
Dodge: Dodged            |    68 |    87 ||   155
       Rpst.: Long sword |    17 |    30 ||    47
